 Dungeon Crawl Stone Soup version 0.26-a0-737-g4e9f4955e2 (webtiles) character file.

Game seed: 7683125754613729998

2201 Froggeryz the Grappler (level 9, -1/51 HPs)
             Began as a Gargoyle Monk on Nov 4, 2020.
             Was a High Priest of Zin.
             Slain by a manticore (15 damage)
             ... on level 6 of the Dungeon.
             The game lasted 00:07:26 (6405 turns).

Froggeryz the Grappler (Gargoyle Monk)              Turns: 6405, Time: 00:07:27

Health: -1/51      AC: 18    Str: 18    XL:     9   Next: 34%
Magic:  14/14      EV:  7    Int: 11    God:    Zin [*****.]
Gold:   288        SH:  0    Dex: 12    Spells: 8/8 levels left

rFire    + . .     SeeInvis .     - Unarmed
rCold    . . .     Faith    +   (no shield)
rNeg     + . .     Spirit   .   C - +1 chain mail {rF+}
rPois    ∞         Reflect  .   e - +0 helmet
rElec    +         Harm     .   y - scarf {shadows}
rCorr    .         Rampage  .   r - +0 pair of gloves
MR       .....                  f - +0 pair of boots
Stlth    ..........             u - amulet of faith
HPRegen  0.17/turn              (no ring)
MPRegen  0.14/turn              (no ring)

@: hasted, very quick
A: negative energy resistance 1, electricity resistance, unbreathing,
petrification resistance, rot immunity, AC +6
a: Recite, Vitalisation, Imprison, Sanctuary, Donate Gold, Renounce Religion


You were on level 6 of the Dungeon.
You worshipped Zin.
Zin was extremely pleased with you.
You visited 1 branch of the dungeon, and saw 6 of its levels.
You also visited: Ossuary.

You collected 320 gold pieces.
You donated 32 gold pieces to Zin.

Inventory:

Missiles
 p - 12 poisoned darts (quivered)
Armour
 e - a +0 helmet (worn)
 f - a +0 pair of boots (worn)
 r - a +0 pair of gloves (worn)
 y - a scarf of shadows (worn)
 C - a +1 chain mail of fire resistance (worn)
Jewellery
 u - an amulet of faith (around neck)
Wands
 l - a wand of digging (7)
Scrolls
 b - 4 scrolls of enchant armour {unknown}
 g - 5 scrolls of teleportation {unknown}
 h - 3 scrolls of remove curse
 k - 2 scrolls of magic mapping {unknown}
 m - a scroll of enchant weapon {unknown}
 n - 2 scrolls of amnesia {unknown}
 o - 8 scrolls of identify {unknown}
 z - a scroll of fear {unknown}
 B - a scroll of noise {unknown}
Potions
 a - 4 potions of heal wounds
 c - a potion of haste
 d - 7 potions of curing
 i - 3 potions of flight {unknown}
 j - 2 potions of lignification {unknown}
 q - 2 potions of might {unknown}
 s - 2 potions of berserk rage {unknown}
 v - a potion of invisibility {unknown}
 w - a potion of stabbing {unknown}
 x - a potion of magic {unknown}
 A - 2 potions of degeneration {unknown}


   Skills:
 - Level 3.2 Fighting
 - Level 2.4 Dodging
 - Level 2.1 Stealth
 * Level 10.5 Unarmed Combat
 + Level 7.1 Invocations


You had 8 spell levels left.
You didn't know any spells.
Your spell library was empty.

Dungeon Overview and Level Annotations

Branches:
Dungeon (6/15)            Ossuary (visited)
 Temple: D:4-7

Altars:
Elyvilon
Sif Muna
Xom
Zin

Annotations:
D:3 exclusions: 3 doors, water moccasin and 1 more exclusion


Innate Abilities, Weirdness & Mutations

You are resistant to torment.
Your stone body is resilient. (AC +6)
You are immune to poison.
You resist negative energy. (rN+)
You are resistant to electric shocks. (rElec)
You can survive without breathing.
You are immune to petrification.
You are immune to rotting.


Message History

You hit the manticore.
The manticore is lightly wounded.
The manticore bites you!
The manticore claws you but does no damage. x2
You hit the manticore.
The manticore is lightly wounded.
You barely miss the manticore.
The manticore is lightly wounded.
The manticore bites you!
The manticore claws you but does no damage.
The manticore claws you!
* * * LOW HITPOINT WARNING * * *
It was a potion of haste.
You feel yourself speed up.
The manticore bites you but does no damage.
The manticore closely misses you. The manticore claws you.
* * * LOW HITPOINT WARNING * * *
It was a potion of curing.
You feel better.
The phantom hits you but does no damage.
The manticore bites you!
You die...

........)).# #.# #.#
.......##<)# #.# #)#
#..######..# #.# #.#
## #.># #.# #.# #
#..# #.# #.# #.#
#..# #.# #.# .. #..#
#.###.#
#.#######..###..##.#
#.H@.†..#...........
#.W###..............
### #.##.#####.###.
######.##.# #.# #.
..........# #.###.
######.#### ##.#...
#.# ##....## #.#
##.....## #.#
#.......#


You could see a manticore and a phantom.

Vanquished Creatures
  Grinder (D:5)
  2 sky beasts (D:5)
  An ice beast (D:5)
  An orc warrior (D:5)
  A centaur (D:5)
  5 elf zombies (Ossuary)
  A bullfrog (D:6)
  A wyvern skeleton (D:6)
  4 killer bees (D:6)
  5 wights
  2 howler monkeys (D:6)
  2 centaur zombies (Ossuary)
  5 human zombies (Ossuary)
  2 hounds (D:4)
  A jelly (D:6)
  An orc priest (D:3)
  An iguana (D:6)
  An orc wizard (D:3)
  2 worker ants (D:6)
  3 mummies (Ossuary)
  A hound skeleton (D:6)
  6 adders
  A gnoll (D:5)
  A white imp (D:5)
  An ooze (D:2)
  An adder skeleton (D:4)
  3 worms
  2 dart slugs (D:1)
  15 orcs
  5 bats
  2 giant cockroaches
  11 goblins
  7 hobgoblins
  5 jackals (D:1)
  2 quokkas
  A ball python (D:3)
  7 frilled lizards
  A jackal zombie (D:5)
  16 kobolds
  6 rats
136 creatures vanquished.

Notes
Turn   | Place    | Note
-------+----------+-------------------------------------------
     0 | D:1      | Froggeryz the Gargoyle Monk began the quest for the Orb.
     0 | D:1      | Reached XP level 1. HP: 14/14 MP: 1/1
    91 | D:1      | Reached XP level 2. HP: 3/19 MP: 2/2
   739 | D:1      | Reached skill level 4 in Unarmed Combat
  1011 | D:1      | Reached XP level 3. HP: 23/23 MP: 3/3
  1157 | D:2      | Found a faded altar of an unknown god.
  1209 | D:2      | Became a worshipper of Zin the Law-Giver
  1209 | D:2      | Reached * piety under Zin
  1209 | D:2      | Reached ** piety under Zin
  1209 | D:2      | Reached *** piety under Zin
  1716 | D:2      | Reached XP level 4. HP: 3/28 MP: 4/4
  2259 | D:3      | Noticed a water moccasin
  2354 | D:3      | Reached skill level 1 in Invocations
  2592 | D:3      | Reached skill level 5 in Unarmed Combat
  2745 | D:3      | Reached XP level 5. HP: 30/32 MP: 6/6
  3263 | D:4      | Reached skill level 6 in Unarmed Combat
  3263 | D:4      | Reached XP level 6. HP: 31/37 MP: 7/7
  3351 | D:4      | Found a sand-covered staircase.
  3355 | Ossuary  | Entered an ossuary
  3591 | Ossuary  | Reached **** piety under Zin
  3591 | Ossuary  | Reached skill level 7 in Unarmed Combat
  3591 | Ossuary  | Reached XP level 7. HP: 37/41 MP: 9/9
  3792 | Ossuary  | Reached skill level 8 in Unarmed Combat
  4245 | D:4      | Reached XP level 8. HP: 46/46 MP: 11/11
  4382 | D:4      | Reached ***** piety under Zin
  4575 | D:5      | Entered Level 5 of the Dungeon
  4836 | D:5      | Found a white marble altar of Elyvilon.
  4842 | D:5      | Noticed Grinder
  4846 | D:5      | Reached skill level 5 in Invocations
  4851 | D:5      | Killed Grinder
  4867 | D:5      | Found a shimmering blue altar of Sif Muna.
  4867 | D:5      | Found a shimmering altar of Xom.
  5063 | D:5      | Reached skill level 9 in Unarmed Combat
  5793 | D:6      | Reached XP level 9. HP: 51/51 MP: 13/13
  5830 | D:6      | Reached skill level 10 in Unarmed Combat
  6396 | D:6      | Noticed a manticore
  6405 | D:6      | Slain by a manticore

Illustrated notes

Levels and vault maps discovered:
D:1:      dpeg_arrival_simpleton_c, layout_basic, hangedman_decor_push,
          minmay_misc_feat_square
D:2:      layout_loops_ring, chequers_ecumenical_altar_island, st_stairs_7
D:3:      layout_loops_corners
D:4:      layout_basic, enter_ossuary_5, bh_walls_and_bars
D:5:      layout_loops_ring, gammafunk_temple_overflow_wave, elyvilon_altar_4,
          uniq_grinder
D:6:      minmay_cornered_nines, layout_loops_ring

Skill      XL: |  1  2  3  4  5  6  7  8  9 |
---------------+----------------------------+-----
Unarmed Combat | 4 5 6 7 8 9 10 | 10.5
Invocations    | 1 2 3 4 6 7 |  7.1
Fighting       | |  3.2
Dodging        | |  2.4
Stealth        | |  2.1

Action                   |  1- 3 |  4- 6 |  7- 9 || total
-------------------------+-------+-------+-------++-------
Melee: Unarmed           |   166 |   254 |   341 ||   761
       Punch             |     3 |     7 |    10 ||    20
Invok: Recite            |     1 |     3 |     7 ||    11
  Use: Scroll            |       |     1 |       ||     1
       Potion            |       |       |     3 ||     3
 Stab: Sleeping          |     6 |     3 |       ||     9
       Confused          |       |       |     1 ||     1
       Invisible         |       |       |     3 ||     3
Armor: Robe              |    44 |     5 |       ||    49
       Ring mail         |       |    33 |       ||    33
       Chain mail        |       |    66 |   214 ||   280
Dodge: Dodged            |   112 |   103 |    87 ||   302

Table legend: (Time is in decaauts)
 A = Elapsed time spent in this place.
 B = Non-inter-level travel time spent in this place.
 C = Inter-level travel time spent in this place.
 D = Time resting spent in this place.
 E = Time spent auto-exploring this place.
 F = Levels seen in this place.
 G = Mean time per level.
                   A        B        C        D        E       F      G
               +--------+--------+--------+--------+--------+-----+--------+
         Total |   6322 |   6216 |    106 |   1974 |   3020 |   7 |  903.1 |
       Dungeon |   5676 |   5570 |    106 |   1606 |   2961 |   6 |  946.0 |
       Ossuary |    645 |    645 |      0 |    368 |     59 |   1 |  645.0 |
               +--------+--------+--------+--------+--------+-----+--------+

Top non-repeatable levels by time:
     D:5: 1159 daAuts
     D:1: 1144 daAuts
     D:2: 1077 daAuts
     D:3: 971 daAuts
     D:4: 689 daAuts
 Ossuary: 645 daAuts
     D:6: 634 daAuts
